 Dungeon Crawl Stone Soup version 0.30-a0-859-gf88a04b62d (webtiles) character file.

Game seed: 419137659155155664

2947 zenocrate the Martial Artist (level 9, -9/53 HPs)
             Began as an Octopode Transmuter on Mar 7, 2023.
             Was an Initiate of Gozag.
             Shot with an arrow by a centaur warrior (25 damage)
             ... on level 8 of the Dungeon.
             The game lasted 00:09:11 (8144 turns).

zenocrate the Martial Artist (Octopode Transmuter)  Turns: 8144, Time: 00:09:12

Health: -9/53      AC:  1    Str:  9    XL:     9   Next: 80%
Magic:  0/12       EV: 18    Int: 20    God:    Gozag
Gold:   379        SH:  0    Dex: 12    Spells: 5/12 levels left

rFire   . . .      SeeInvis .      - Unarmed
rCold   . . .      Faith    .    (no shield)
rNeg    . . .      Spirit   +    (helmet restricted)
rPois   .          Reflect  .    b - amulet of guardian spirit
rElec   .          Rampage  .    d - +5 ring of evasion
rCorr   .                        q - ring of flight
Will    .....                    (no ring)
Stlth   +++                      (no ring)
HPRegen 0.28/turn                (no ring)
MPRegen 0.13/turn                (no ring)
                                 (no ring)
                                 (no ring)

@: flying
A: almost no armour, amphibious, 8 rings, camouflage 1, gelatinous body 1,
(nimble swimmer 1), tentacles
a: Renounce Religion, Potion Petition, Call Merchant, Bribe Branch


You were on level 8 of the Dungeon.
You worshipped Gozag.
Gozag was aware of your devotion.
You visited 2 branches of the dungeon, and saw 9 of its levels.

You collected 489 gold pieces.
You paid 110 gold pieces to Gozag.

Inventory:

Missiles
 o - a throwing net
Jewellery
 b - an amulet of guardian spirit (around mantle)
 d - a +5 ring of evasion (left tentacle)
 g - an amulet of magic regeneration
 q - a ring of flight (right tentacle)
Wands
 a - a wand of polymorph (7)
 l - a wand of flame (35)
Scrolls
 f - 3 scrolls of amnesia
 h - 4 scrolls of poison
 i - 5 scrolls of teleportation
 j - a scroll of enchant armour {unknown}
 k - 3 scrolls of fog
 m - 2 scrolls of vulnerability {unknown}
 s - a scroll of magic mapping {unknown}
 t - a scroll of enchant weapon {unknown}
 v - a scroll of blinking {unknown}
Potions
 c - 5 potions of heal wounds
 e - 5 potions of curing
 n - 2 potions of invisibility
 p - a potion of berserk rage
 r - a potion of cancellation


   Skills:
 - Level 1.0 Fighting
 - Level 2.0 Dodging
 - Level 1.0 Stealth
 + Level 9.2 Unarmed Combat
 - Level 2.0 Spellcasting
 + Level 8.8 Transmutations
 - Level 5.0 Ice Magic


You had 5 spell levels left.
You knew the following spells:

 Your Spells              Type           Power      Damage    Failure   Level
a - Ice Form              Ice/Tmut       29%        N/A       9%          4
b - Wereblood             Tmut           37%        N/A       1%          2
c - Beastly Appendage     Tmut           74%        N/A       1%          1

Your spell library contained the following spells:

 Spells                   Type           Power      Damage    Failure   Level
 Passwall                 Tmut/Erth      15%        N/A       3%          2
 Spider Form              Tmut/Pois      19%        N/A       8%          3
 Shock                    Conj/Air       8%         1d3       16%         1
 Swiftness                Air            2%         N/A       43%         3
 Airstrike                Air            1%         2d(1-17)  83%         4
 Statue Form              Tmut/Erth      12%        N/A       98%         6
 Lehudib's Crystal Spear  Conj/Erth      1%         10d2      100%        8
 Chain Lightning          Conj/Air       1%         3d1       100%        9
 Fire Storm               Conj/Fire      1%         7d1       100%        9
 Shatter                  Erth           1%         3d5*      100%        9


Dungeon Overview and Level Annotations

Branches:
Dungeon (8/15)             Temple (1/1) D:7
   Lair: D:8-11

Altars:
Ashenzari
Cheibriados
Dithmenos
Elyvilon
Fedhas
Gozag
Hepliaklqana
Kikubaaqudgha
Makhleb
Nemelex Xobeh
Okawaru
Qazlal
Ru
Sif Muna
Trog
Uskayaw
Vehumet
Wu Jian
Xom
Yredelemnul
Zin
The Shining One

Shops:
D:5 [=


Innate Abilities, Weirdness & Mutations

You cannot wear most types of armour.
You are amphibious.
You can wear up to eight rings at the same time.
Your skin changes colour to match your surroundings (Stealth+).
Your rubbery body absorbs attacks. (AC +1, EV +1)
((You are camouflaged when in or above water. (Stealth+)))
You have tentacles for arms and can constrict up to eight enemies at once.


Message History

Items here: )) [[.
You now have 352 gold pieces (gained 4).
Things that are here:
a +5 mace; a +0 robe
Found a stone staircase leading up.
You fly up into the air.
q - a ring of flight (right tentacle)
a - a wand of polymorph (7)
k - 3 scrolls of fog (gained 1)
You now have enough gold to buy an amulet of regeneration on D:5.
You can access your shopping list by pressing '$'.
You now have 370 gold pieces (gained 18).
Found a robe.
Okay, then.
Casting: Wereblood (safe; 1% risk of failure)
Confirm with . or Enter, or press ? or * to list all spells.
You turn into a creature of crystalline ice.
Casting: Ice Form (dangerous; 9% risk of failure)
Confirm with . or Enter, or press ? or * to list all spells.
Your blood is infused with primal strength.
Your primal bloodlust is almost over.
Your primal bloodlust has ended.
You see here a +0 robe.
Your transformation is almost over.
You warm up again.
You now have 379 gold pieces (gained 9).
A centaur warrior comes into view.
An efreet comes into view.
It is wielding a +2 scimitar of flaming.
Found 3 javelins.
The centaur warrior shouts!
The centaur warrior wields a +0 shortbow.
The centaur warrior shoots an arrow.
The arrow hits you! The efreet gestures at you.
The fireball explodes!
The fireball engulfs you!!
There are monsters nearby!
The centaur warrior shoots an arrow.
The arrow hits you!! The efreet closely misses you.
The centaur warrior shoots an arrow.
The arrow hits you!!
You die...
Your body crumbles into a pile of gold.

#.......###.########
#.....
#.#####.###...#
#.....#. #......#.#
# ....#### $
#..###.#.# ##.. ..#
#..# #.#.# ##.... #
....# ..#.###.....#
####.# ..#.......#
#.#...#....c###
#.#.....#@###
#.#...###.R○# #...
#.....# #..
###.....# ....
##.(.. ... .... ..#
..


You could see a centaur warrior and an efreet.

Vanquished Creatures
  Joseph (D:7)
  2 trolls
  A steam dragon (D:7)
  An orc warrior (D:7)
  A black bear (D:6)
  3 ice beasts
  A sky beast (D:8)
  A centaur (D:7)
  A phantom (D:3)
  3 bullfrogs
  2 scorpions
  9 wights
  7 hounds
  2 orc priests
  A sleepcap (D:6)
  An orc wizard (D:7)
  6 gnolls
  7 adders
  A white imp (D:7)
  An ufetubus (D:7)
  3 worms
  A dart slug (D:1)
  20 orcs
  4 ball pythons
  7 bats
  11 endoplasms
  5 giant cockroaches
  15 goblins
  4 hobgoblins
  3 jackals (D:2)
  3 kobolds
  3 quokkas
  A frilled lizard (D:1)
  6 rats
138 creatures vanquished.

Vanquished Creatures (others)
  8 fungi (D:4)
8 creatures vanquished.

Grand Total: 146 creatures vanquished

Notes
Turn   | Place    | Note
-------+----------+-------------------------------------------
     0 | D:1      | zenocrate the Octopode Transmuter began the quest for the
                  | Orb.
     0 | D:1      | Reached XP level 1. HP: 13/13 MP: 3/3
    44 | D:1      | Reached skill level 1 in Stealth
   105 | D:1      | Reached XP level 2. HP: 9/18 MP: 3/5
   120 | D:1      | Learned a level 2 spell: Wereblood
   165 | D:1      | You fall into a shaft and drop 1 floor!
   271 | D:1      | Found a faded altar of an unknown god.
   321 | D:1      | Got the Codex of Nauseating Metal
   448 | D:1      | Reached XP level 3. HP: 21/23 MP: 6/6
  1100 | D:2      | Reached XP level 4. HP: 28/28 MP: 3/7
  1105 | D:2      | Learned a level 4 spell: Ice Form
  1331 | D:2      | Reached skill level 4 in Unarmed Combat
  1708 | D:3      | Found a shadowy altar of Dithmenos.
  1708 | D:3      | Found a snail-covered altar of Cheibriados.
  1709 | D:3      | Found a sacrificial altar of Ru.
  1854 | D:3      | Identified the +0 spear of Izxost {drain, rPois Will+}
  1948 | D:3      | Reached skill level 1 in Ice Magic
  2024 | D:3      | Reached XP level 5. HP: 31/33 MP: 2/8
  2158 | D:3      | Noticed an ice beast
  2170 | D:3      | Killed an ice beast
  2171 | D:3      | Reached XP level 6. HP: 38/38 MP: 2/9
  2603 | D:4      | Reached skill level 5 in Unarmed Combat
  2772 | D:4      | Found a glowing golden altar of the Shining One.
  3092 | D:4      | Found a sparkling altar of Nemelex Xobeh.
  3514 | D:5      | Entered Level 5 of the Dungeon
  3517 | D:5      | Noticed an ice beast
  3586 | D:5      | Killed an ice beast
  3587 | D:5      | Reached XP level 7. HP: 43/43 MP: 4/10
  3693 | D:5      | Reached skill level 5 in Transmutations
  3821 | D:5      | Found Kehon's Jewellery Shoppe.
  3945 | D:5      | Found Negutwe's Armour Shop.
  4786 | D:6      | Reached skill level 6 in Unarmed Combat
  4786 | D:6      | Reached XP level 8. HP: 31/48 MP: 4/11
  5489 | D:6      | Reached skill level 5 in Ice Magic
  6127 | D:7      | Noticed Joseph
  6142 | D:7      | Killed Joseph
  6143 | D:7      | Reached skill level 7 in Unarmed Combat
  6143 | D:7      | Reached XP level 9. HP: 28/53 MP: 3/12
  6272 | D:7      | Found a staircase to the Ecumenical Temple.
  6422 | D:7      | Noticed a troll
  6430 | D:7      | Killed a troll
  6431 | D:7      | Reached skill level 8 in Unarmed Combat
  6796 | D:7      | Found a radiant altar of Vehumet.
  7311 | Temple   | Entered the Ecumenical Temple
  7391 | Temple   | Became a worshipper of Gozag Ym Sagoz the Greedy
  7674 | D:8      | Noticed a troll
  7688 | D:8      | Killed a troll
  7974 | D:8      | Reached skill level 9 in Unarmed Combat
  8141 | D:8      | Noticed a centaur warrior
  8142 | D:8      | Noticed an efreet
  8144 | D:8      | Shot with an arrow by a centaur warrior

Illustrated notes

Levels and vault maps discovered:
D:1:      lemuel_arrival_behind_the_door_small, layout_basic,
          ebering_ecumenical_altar_ruins, kennysheep_small_spiral,
          kennysheep_doodads
D:2:      layout_rooms, st_stairs_4
D:3:      layout_loops_ring, nicolae_overflow_hidden_temple,
          minmay_divided_ellipse
D:4:      layout_loops_ring, lemuel_coloured_pillars_altar,
          overflow_temple_1_default, dreamdust_gnoll_farm
D:5:      layout_basic, serial_shops, nicolae_shop_advertising_works
          [nicolae_subvault_shop_adworks], shop
D:6:      layout_layer_cave
D:7:      layout_cave_pools, lemuel_crystal_altar, minmay_temple_entry_wispy,
          uniq_joseph
D:8:      minmay_diamond_stairs, layout_basic, david_lair_shrubbed
Temple:   nicolae_temple_superstar

Skill      XL: |  1  2  3  4  5  6  7  8  9 |
---------------+----------------------------+-----
Stealth        | 1 |  1.0
Transmutations | 3 4 5 7 8 |  8.8
Unarmed Combat | 4 5 6 7 9 |  9.2
Ice Magic      | 1 2 3 4 5 |  5.0
Fighting       | |  1.0
Dodging        | |  2.0
Spellcasting   | |  2.0

Action                     |  1- 3 |  4- 6 |  7- 9 || total
---------------------------+-------+-------+-------++-------
  Melee: Unarmed           |    82 |   111 |   207 ||   400
         Constrict         |    18 |    20 |    26 ||    64
         Tentacles         |    15 |    16 |    30 ||    61
         Punch             |     3 |     5 |     8 ||    16
         Kick              |     6 |    19 |    20 ||    45
   Cast: Beastly Appendage |    11 |    17 |     7 ||    35
         Wereblood         |     9 |    17 |    16 ||    42
         Ice Form          |       |     2 |    11 ||    13
    Use: Scroll            |       |     8 |     3 ||    11
         Potion            |       |       |     4 ||     4
   Stab: Sleeping          |     6 |     4 |     4 ||    14
 Armour: Skin              |     9 |     9 |    40 ||    58
  Dodge: Dodged            |    69 |    89 |   169 ||   327

Table legend: (Time is in decaauts)
 A = Elapsed time spent in this place.
 B = Non-inter-level travel time spent in this place.
 C = Inter-level travel time spent in this place.
 D = Time resting spent in this place.
 E = Time spent auto-exploring this place.
 F = Levels seen in this place.
 G = Mean time per level.
                   A        B        C        D        E       F      G
               +--------+--------+--------+--------+--------+-----+--------+
         Total |   8102 |   7889 |    213 |    100 |   6666 |   9 |  900.2 |
       Dungeon |   8010 |   7829 |    181 |    100 |   6621 |   8 | 1001.2 |
        Temple |     91 |     59 |     32 |      0 |     45 |   1 |   91.0 |
               +--------+--------+--------+--------+--------+-----+--------+

Top non-repeatable levels by time:
     D:6: 1522 daAuts
     D:7: 1234 daAuts
     D:3: 1060 daAuts
     D:5: 1033 daAuts
     D:4: 941 daAuts
     D:1: 822 daAuts
     D:8: 719 daAuts
     D:2: 675 daAuts
  Temple: 91 daAuts
